 Dungeon Crawl Stone Soup version 0.20-a0-959-gdc9e609 (webtiles) character file.

11 Alarkh the Charmwright (level 2, 19/22 HPs)
             Began as a Demonspawn Skald on Apr 6, 2017.
             Got out of the dungeon alive.
             The game lasted 00:00:24 (666 turns).

Alarkh the Charmwright (Demonspawn Skald)            Turns: 666, Time: 00:00:25

Health: 19/22      AC:  3    Str: 11    XL:     2   Next: 13%
Magic:  5/5        EV: 12    Int: 14    God:
Gold:   23         SH:  0    Dex: 12    Spells: 4/5 levels left

rFire    . . .     SeeInvis .   a - +0 hand axe
rCold    . . .     Gourm    .   (no shield)
rNeg     . . .     Faith    .   b - +0 leather armour
rPois    .         Spirit   .   (no helmet)
rElec    .         Reflect  .   (no cloak)
rCorr    .         Harm     .   (no gloves)
MR       .....                  (no boots)
Stlth    +.........             (no amulet)
Regen    0.1/turn               (no ring)
MPRegen  0.1/turn               (no ring)

@: no status effects
A: spiny 1
a: no special abilities


You escaped.
You were not hungry.

You visited 1 branch of the dungeon, and saw 1 of its levels.

You collected 23 gold pieces.

Inventory:

Hand Weapons
 a - a +0 hand axe (weapon)
Armour
 b - a +0 leather armour (worn)
Scrolls
 e - a scroll of fear {unknown}
 f - a scroll of immolation {unknown}
 g - a scroll of teleportation {unknown}
 i - a scroll of enchant armour {unknown}
 k - a scroll of remove curse {unknown}
 l - a scroll of identify {unknown}
Potions
 m - a potion of brilliance {unknown}
Books
 c - a book of Battle

   Spells                             Type                      Level
   a - Infusion                       Charms                       1
   b - Shroud of Golubria             Charms/Translocation         2
   c - Song of Slaying                Charms                       2
   d - Spectral Weapon                Hexes/Charms                 3
   e - Regeneration                   Charms/Necromancy            3
Comestibles
 d - a bread ration
 h - a royal jelly
 j - 5 chunks of flesh


   Skills:
 + Level 2.1 Fighting
 * Level 2.0 Axes
 + Level 1.3 Armour
 + Level 1.9 Dodging
 - Level 2.0 Spellcasting
 - Level 2.6 Charms


You had 4 spell levels left.
You knew the following spells:

 Your Spells              Type           Power        Failure   Level  Hunger
a - Infusion              Chrm           #...         12%         1    ##.....


Dungeon Overview and Level Annotations

Branches:
Dungeon (1/15)

Altars:


Innate Abilities, Weirdness & Mutations

You are partially covered in sharp spines.


Message History

The leopard gecko is severely wounded.
The leopard gecko is struck by your spines.
The leopard gecko bites you.
You hit the leopard gecko.
You kill the leopard gecko!
No target in view!
No target in view!
No target in view!
No target in view!
No target in view!
No target in view!
No target in view!
No target in view!
No target in view!
(D) Dungeon
Where to? (Enter - D:1 @ (x,y), ? - help)
There is a dry fountain here.
There is a staircase leading out of the dungeon here.
Are you sure you want to leave the Dungeon?
This will make you lose the game!
You have escaped!

#.####......................###
#.##...##.####.####.####.##...##
#.#..###...##...##...##...###..#
#.#.## #.⌠.##.⌠.##.⌠.##.⌠.# ##.#
#.#.####...##...##...##...####.#
#.#...###.####.####.####.###...#
#.#.⌠.###.####.####.####.###.⌠.#
#)#............................#
#.##.##.........@..........##.##
#.#............................#
.)#.⌠.###.####.####.####.###.⌠.#.
#.#...###.####.####.####.###...#.
#.#.####...##...##...##...####.#.
#.#.## #.⌠.##.⌠.##.⌠.##.⌠.# ##.#.
#.#..###...##...##...##...###..#.
#.##....#.####.####.####.##...##.
#.####......................####.


There were no monsters in sight!

Vanquished Creatures
  A dart slug (D:1)
  A leopard gecko (D:1)
  A giant cockroach (D:1)
  2 hobgoblins (D:1)
  A bat (D:1)
  A goblin (D:1)
  A kobold (D:1)
8 creatures vanquished.

Notes
Turn   | Place    | Note
-------+----------+-------------------------------------------
     0 | D:1      | Alarkh the Demonspawn Skald began the quest for the Orb.
     0 | D:1      | Reached XP level 1. HP: 16/16 MP: 3/3
    12 | D:1      | Reached skill level 1 in Armour
   480 | D:1      | Gained mutation: You are partially covered in sharp spines. [demonic ancestry]
   480 | D:1      | Reached XP level 2. HP: 22/22 MP: 5/5
   666 | D:$      | Got out of the dungeon alive.

Vault maps used:
D:1:      dpeg_arrival_chambers_temple_mockup

Skill      XL: |  1 |
---------------+----+-----
Armour         | 1 |  1.3
Axes           | 2 |  2.0
Fighting       | |  2.1
Dodging        | |  1.9
Spellcasting   | |  2.0
Charms         | |  2.6

Action                   || total
-------------------------++-------
Melee: Hand axe          ||    25
 Cast: Infusion          ||     1
Armor: Leather armour    ||     3
Dodge: Dodged            ||    19
